 Dungeon Crawl Stone Soup version 0.31-a0-806-g0bc164a743 (console) character file.

Game seed: 5036928650879013600

1425847 questionabletactics the Phalangite (level 27, 185/236 HPs)
             Began as a Merfolk Artificer on Sept 20, 2023.
             Was the Champion of Nemelex Xobeh.
             Escaped with the Orb
             ... and 3 runes on Sept 21, 2023!
             The game lasted 05:20:23 (96804 turns).

questionabletactics the Phalangite (MfAr)          Turns: 96804, Time: 05:20:24

Health: 185/236    AC: 22    Str: 16 (19) XL:     27
Magic:  33/33      EV: 40    Int:  7 (8)  God:    Nemelex Xobeh [******]
Gold:   2155       SH:  0    Dex: 27 (30) Spells: 31/46 levels left

rFire   + + .        a - +5 Lochaber axe {reach-cleave, Poleaxe Drain}
rCold   + . .        (shield currently unavailable)
rNeg    . . .        H - +5 ring mail {rC+}
rPois   +            S - +2 helmet {SInv}
rElec   .            F - +2 cloak {Will+}
rCorr   .            y - +2 pair of gloves
SInv    +            T - +2 pair of slick slippers {slick, slippery, EV+4}
Will    ++++.        Z - amulet of Qotyhum {RegenMP rPois rF++ Will+ SInv}
Stlth   ++           i - +6 ring of dexterity
HPRegen 0.59/turn    N - +5 ring of evasion
MPRegen 0.63/turn

%: no passive effects
@: studying 2 skills
A: (nimble swimmer 2), mertail, iridescent scales 1, deformed body, dopey 1, low
MP 1, screaming 1, strong 1, MP-powered wands, noise suppression
0: Orb of Zot
}: 3/15 runes: decaying, silver, gossamer
a: Renounce Religion, Draw Escape, Draw Destruction, Draw Summoning, Draw Stack,
Triple Draw, Deal Four, Stack Five


You escaped.
You worshipped Nemelex Xobeh.
Nemelex Xobeh was exalted by your worship.
You visited 11 branches of the dungeon, and saw 51 of its levels.
You visited the Abyss 2 times.
You visited 2 bazaars.
You also visited: Ice Cave, Wizlab and Desolation.

You collected 8520 gold pieces.
You spent 6365 gold pieces at shops.

Inventory:

Hand Weapons
 a - the +5 Lochaber axe (weapon) {reach-cleave, Poleaxe Drain}
   (You took it off a deep elf elementalist on level 3 of the Elven Halls)

   Poleaxe:   It uses either Axes or Polearms skill, whichever is higher.
   Drain:     It drains your maximum health when unequipped.
 b - a +1 trident of pain
 j - the +6 trident "Sevidghag" {flame, Int+3 Stlth+}
   (You found it in the Desolation of Salt)

   Int+3:     It affects your intelligence (+3).
   Stlth+:    It makes you more stealthy.
 O - a +2 antimagic glaive
Missiles
 K - 4 curare-tipped darts
 X - 3 throwing nets
Armour
 g - a scarf of resistance
 k - a +2 kite shield of positive energy
 t - a +3 ring mail of fire resistance
 y - a +2 pair of gloves (worn)
 F - a +2 cloak of willpower (worn)
 H - a +5 ring mail of cold resistance (worn)
 S - a +2 helmet of see invisible (worn)
 T - the +2 pair of slick slippers (worn) {slick, slippery, EV+4}
   (You acquired it on level 5 of the Vaults)

   Slick:     Its wearer cannot be constricted, engulfed, netted or webbed.
   Slippery:  Its wearer slips away from damaging melee attacks, pulling the
   attacker onward.
   EV+4:      It affects your evasion (+4).
Jewellery
 i - a +6 ring of dexterity (left hand)
 o - the brooch of Shielding {Spirit SH+8}
   (You found it on level 5 of the Vaults)

   [amulet of guardian spirit]

   Spirit:    It causes incoming damage to be divided between your reserves of
   health and magic.
   SH+8:      It affects your SH (+8).
 r - the ring of Zefek {rPois rC+}
   (You found it on level 2 of the Vaults)

   [ring of protection from cold]

   rC+:       It protects you from cold.
   rPois:     It protects you from poison
 G - the ring "Meedor" {Fly rPois Str+4 Int+3}
   (You found it in the Desolation of Salt)

   [ring of flight]

   Str+4:     It affects your strength (+4).
   Int+3:     It affects your intelligence (+3).
   rPois:     It protects you from poison Fly: It grants you flight.
 N - a +5 ring of evasion (right hand)
 Y - the ring of the Fabulous Apple {rPois rF+ rN+ Dex-3}
   (You found it on level 3 of the Crypt)

   [ring of positive energy]

   Dex-3:     It affects your dexterity (-3).
   rF+:       It protects you from fire.
   rPois:     It protects you from poison rN+: It protects you from negative
   energy.
 Z - the amulet of Qotyhum (around neck) {RegenMP rPois rF++ Will+ SInv}
   (You found it in the Desolation of Salt)

   [amulet of magic regeneration]

   RegenMP:   It increases your rate of magic regeneration.
   rF++:      It greatly protects you from fire.
   rPois:     It protects you from poison Will+: It increases your willpower.
   SInv:      It lets you see invisible.
Wands
 c - a wand of flame (67)
 d - a wand of charming (30)
 h - a wand of mindburst (14)
 x - a wand of roots (55)
 D - a wand of polymorph (15)
 Q - a wand of light (25)
Scrolls
 e - a scroll of silence
 l - 16 scrolls of enchant armour
 m - a scroll of enchant weapon
 q - 8 scrolls of vulnerability
 s - 12 scrolls of teleportation
 w - a scroll of revelation
 B - 4 scrolls of fog
 P - a scroll of brand weapon
 V - a scroll of blinking
Potions
 f - 3 potions of magic
 p - 5 potions of haste
 u - 16 potions of curing
 v - a potion of resistance
 z - 10 potions of ambrosia
 A - 3 potions of might
 E - 5 potions of enlightenment
 J - 5 potions of heal wounds
 L - 2 potions of mutation
 R - 2 potions of cancellation
 W - 4 potions of invisibility
Miscellaneous
 n - a phial of floods
 I - a phantom mirror (inert)
 M - a lightning rod (4/4)


   Skills:
 + Level 23.4 Fighting
 - Level 26.4 Polearms
 + Level 6.7 Armour
 - Level 22.3 Dodging
 - Level 7.8 Stealth
 - Level 12.5 Shields
 - Level 10.0 Spellcasting
 - Level 18.1 Necromancy
 - Level 8.0 Earth Magic
 - Level 19.7 Invocations
 - Level 8.0 Evocations


You had 31 spell levels left.
You knew the following spells:

 Your Spells              Type           Power      Damage    Failure   Level
a - Dispel Undead         Necr           28%        3d13      1%          4
b - Death Channel         Necr           14%        N/A       2%          6
c - Borgnjor's Vile Clut  Necr/Erth      10%        N/A       3%          5

Your spell library contained the following spells:

 Spells                   Type           Power      Damage    Failure   Level
 Kiss of Death            Conj/Necr      64%        2d10      1%          1
 Necrotise                Necr           100%       1d9       1%          1
 Sandblast                Erth           28%        2d8       1%          1
 Sublimation of Blood     Necr           28%        N/A       1%          2
 Vampiric Draining        Necr           28%        2d8       1%          3
 Animate Dead             Necr           28%        N/A       1%          4
 Agony                    Necr           28%        N/A       1%          5
 Cigotuvi's Dreadful Rot  Necr/Pois/Air  22%        N/A       3%          2
 Passwall                 Tmut/Erth      7%         N/A       9%          2
 Stone Arrow              Conj/Erth      18%        3d8       17%         3
 Apportation              Tloc           6%         N/A       28%         1
 Foxfire                  Conj/Fire      12%        2x1d4     28%         1
 Freeze                   Ice            12%        1d3       28%         1
 Shock                    Conj/Air       12%        1d3       28%         1
 Slow                     Hex            12%        N/A       28%         1
 Sting                    Tmut/Pois      12%        1d3       28%         1
 Summon Small Mammal      Summ           12%        N/A       28%         1
 Lee's Rapid Deconstruct  Erth           7%         3d6*      30%         5
 Blink                    Tloc           6%         N/A       41%         2
 Ensorcelled Hibernation  Hex/Ice        6%         N/A       41%         2
 Lesser Beckoning         Tloc           6%         N/A       41%         2
 Poisonous Vapours        Pois/Air       6%         N/A       41%         2
 Scorch                   Fire           6%         2d5       41%         2
 Searing Ray              Conj           6%         2d4       41%         2
 Wereblood                Tmut           3%         N/A       41%         2
 Animate Armour           Summ/Erth      18%        N/A       50%         4
 Brom's Barrelling Bould  Conj/Erth      9%         2d3       50%         4
 Leda's Liquefaction      Hex/Erth       4%         N/A       50%         4
 Petrify                  Tmut/Erth      9%         N/A       50%         4
 Call Canine Familiar     Summ           3%         N/A       65%         3
 Confusing Touch          Hex            3%         N/A       65%         3
 Dazzling Flash           Conj/Hex       6%         N/A       65%         3
 Gell's Gravitas          Tloc           3%         N/A       65%         3
 Hailstorm                Conj/Ice       3%         3d3       65%         3
 Ignite Poison            Fire/Tmut/Pois 3%         N/A       65%         3
 Inner Flame              Hex/Fire       3%         N/A       65%         3
 Mephitic Cloud           Conj/Pois/Air  3%         N/A       65%         3
 Ozocubu's Armour         Ice            3%         N/A       65%         3
 Sigil of Binding         Hex            3%         N/A       65%         3
 Summon Guardian Golem    Hex/Summ       3%         N/A       65%         3
 Swiftness                Air            3%         N/A       65%         3
 Teleport Other           Tloc           3%         N/A       65%         3
 Tukima's Dance           Hex            3%         N/A       65%         3
 Volatile Blastmotes      Fire/Tloc      6%         2d10      65%         3
 Simulacrum               Ice/Necr       8%         N/A       73%         6
 Infestation              Necr           14%        N/A       75%         8
 Airstrike                Air            1%         2d(1-17)  96%         4
 Dimensional Bullseye     Hex/Tloc       1%         N/A       96%         4
 Flame Wave               Conj/Fire      3%         2d5       96%         4
 Iskenderun's Mystic Bla  Conj/Tloc      3%         2d3       96%         4
 Manifold Assault         Tloc           3%         N/A       96%         4
 Olgreb's Toxic Radiance  Pois           3%         N/A       96%         4
 Sticky Flame             Conj/Fire      3%         2d3       96%         4
 Summon Lightning Spire   Summ/Air       3%         N/A       96%         4
 Vhi's Electric Charge    Tloc/Air       6%         N/A       96%         4
 Haunt                    Necr/Summ      8%         N/A       99%         7
 Alistair's Intoxication  Tmut/Pois      2%         N/A       100%        5
 Arcjolt                  Conj/Air       1%         1d11      100%        5
 Freezing Cloud           Conj/Ice/Air   1%         6-21      100%        5
 Irradiate                Conj/Tmut      1%         3d12      100%        5
 Metabolic Englaciation   Hex/Ice        1%         N/A       100%        5
 Silence                  Hex/Air        1%         N/A       100%        5
 Summon Forest            Summ/Tloc      1%         N/A       100%        5
 Summon Mana Viper        Hex/Summ       3%         N/A       100%        5
 Yara's Violent Unravell  Hex/Tmut       1%         3d3       100%        5
 Dispersal                Tloc           1%         N/A       100%        6
 Eringya's Noxious Bog    Tmut/Pois      1%         4d6       100%        6
 Leda's Unmaking          Conj/Erth      4%         9d2       100%        6
 Plasma Beam              Fire/Air       1%         2x1d11    100%        6
 Starburst                Conj/Fire      1%         6d3       100%        6
 Orb of Destruction       Conj           1%         9d5       100%        7
 Ozocubu's Refrigeration  Ice            1%         4d7       100%        7
 Spellforged Servitor     Conj/Summ      1%         N/A       100%        7
 Summon Hydra             Summ           1%         N/A       100%        7
 Disjunction              Tloc           1%         N/A       100%        8
 Ignition                 Fire           1%         3d3       100%        8
 Maxwell's Capacitive Co  Air            1%         ∞         100%        8
 Chain Lightning          Conj/Air       1%         3d2       100%        9


Dungeon Overview and Level Annotations

Branches:
Dungeon (15/15)            Temple (1/1) D:7            Lair (5/5) D:11
  Swamp (4/4) Lair:2       Spider (4/4) Lair:3          Orc (2/2) D:9
    Elf (3/3) Orc:2        Vaults (5/5) D:13          Crypt (3/3) Vaults:2
   Tomb (0/3) Crypt:3      Depths (4/4) D:15            Zot (5/5) Depths:4
  IceCv (visited)          WizLab (visited)         Desolation (visited)
  Slime: Lair:4-5

Altars:
Ashenzari
Cheibriados
Dithmenos
Elyvilon
Fedhas
Gozag
Hepliaklqana
Kikubaaqudgha
Makhleb
Nemelex Xobeh
Okawaru
Qazlal
Ru
Sif Muna
Trog
Uskayaw
Vehumet
Wu Jian
Xom
Yredelemnul
Zin
The Shining One
Jiyva

Shops:
D:12 *   D:13 ?(:!=!   D:14 [   Orc:2 (=*!   Elf:3 *   Vaults:2 [   Vaults:4 [
Depths:4 :=:

Portals:
Hell: Depths:1 Depths:2 Depths:3 Depths:4
Abyss: Depths:2 Depths:3 Depths:4
Pandemonium: Orc:2 Depths:2
Ziggurat: Depths:2

Annotations:
Lair:4 2 transporters, Bravepunisher's ghost, journeyman SpMo
Lair:5 1 runed translucent door, exclusions: oklob plant and 1 more exclusion, Rupert
Swamp:1 Roxanne
Elf:2 3 runed translucent doors


Innate Abilities, Weirdness & Mutations

((You are very nimble when in or above water. (Stealth+, EV+, Speed+++)))
Your lower body shifts to a powerful aquatic tail in water.
You are partially covered in iridescent scales. (AC +2)
Armour fits poorly on your strangely shaped body.
You are dopey. (Int -2)
Your magical capacity is low. (-10% MP)
You occasionally shout uncontrollably at your foes.
Your muscles are strong. (Str +4, Int/Dex -1)
You expend magic power (3 MP) to strengthen your wands.
You passively dampen the noise of your surroundings.


Message History

The Executioner hits you but does no damage.
The Executioner barely misses you.
The Executioner hits you but does no damage. x2
You slice the Executioner!!
The Executioner is almost dead.
You slash the Orb Guardian! The Executioner closely misses you.
The Executioner completely misses you. The Executioner closely misses you.
The Executioner misses you. The Executioner completely misses you.
The Executioner hits you but does no damage.
The Orb Guardian hits you but does no damage.
You miss the Executioner.
The Executioner is almost dead.
You hit the Orb Guardian but do no damage.
The Executioner closely misses you.
The Executioner completely misses you. x2
The Executioner misses you. The Executioner closely misses you.
The Executioner barely misses you. The Orb Guardian completely misses you.
You hit the Executioner.
The Executioner is almost dead.
You slash the Orb Guardian!
The Executioner hits you but does no damage. x3
The Executioner completely misses you. x3
The Orb Guardian completely misses you.
You slash the Executioner!
You kill the Executioner!
You slash the Orb Guardian!
You feel your dexterity returning.
You slash the Orb Guardian!
The Orb Guardian is heavily wounded.
The Orb Guardian barely misses you.
You hit the Orb Guardian.
The Orb Guardian is severely wounded.
The Orb Guardian hits you!!
You slip backwards!
You slash the Orb Guardian!
The Orb Guardian is almost dead.
The Orb Guardian barely misses you.
You slash the Orb Guardian!
You kill the Orb Guardian!
No target in view!
There is a staircase leading out of the dungeon here.
You have escaped!

..(.....................### #.# #
#####.....###.............###.###
##...## #.#####.#..[#........
###.# ##.###.##...########. #.###
##.#.###......†>.##. #...## ##.##
##..#####.##.
####.###.#.###.#..........
##.#.#.#.#.##........^.
##.#.@.#.###...###.###
##.#.#.#.#.##..####.##.
##.###.#.###.#.....>.##. #.##
##.## ##...........
#.####.#.###...#.....##.
#...#.###.##.....)#.###.
###..#####.##.#.#.#.# #.
#.##.##..#......#.###.
#....(.............##.


There were no monsters in sight!

Vanquished Creatures
  5 dread liches
  2 orbs of fire (Zot:5)
  An ancient lich (Crypt:3)
  Josephina (Crypt:3)
  Frederick (Depths:3)
  3 Killer Klowns (Zot:5)
  Nikola (Vaults:2)
  9 golden dragons
  A bone dragon (Depths:4)
  An electric golem (Zot:5)
  12 tentacled monstrosities
  23 Orb Guardians
  Grunn (Depths:2)
  3 liches
  3 deep elf blademasters (Elf:3)
  5 deep elf master archers (Elf:3)
  2 titans
  5 quicksilver dragons
  A walking divine tome (Depths:1)
  3 death cobs
  An Executioner (D:1)
  6 sphinxes
  A thorn hunter (Swamp:4)
  5 shadow dragons
  2 ancient champions
  5 storm dragons
  8 tengu reavers
  Aizul (Vaults:3)
  An azure jelly (Elf:3)
  Kirke (Swamp:4)
  A draconian monk (Zot:2)
  2 fenstrider witches
  A daeva (Abyss:3)
  3 revenants (Crypt:2)
  A fenstrider witch (shapeshifter) (Vaults:5)
  5 fire giants
  14 vault wardens
  4 emperor scorpions
  2 balrugs
  An imperial myrmidon (Desolation)
  3 draconian knights
  2 draconian scorchers (Zot:4)
  7 frost giants
  9 deep elf sorcerers
  3 deep elf elementalists (Elf:3)
  2 draconian shifters
  An iron dragon (Vaults:5)
  5 ghost moths
  An orc warlord (Vaults:2)
  A formless jellyfish (Vaults:4)
  21 ironbound preservers
  A caustic shrike skeleton (Crypt:3)
  2 draconian stormcallers
  3 curse skulls
  2 ghouls (Crypt:1)
  A quicksilver ooze (D:15)
  4 reapers
  11 very ugly things
  A juggernaut skeleton (Crypt:3)
  A war gargoyle (Vaults:5)
  A draconian annihilator (Zot:3)
  A deep elf demonologist (Vaults:5)
  4 broodmothers
  A green draconian (Depths:4)
  5 eleionomae
  19 stone giants
  10 ironbound thunderhulks
  3 vampire knights
  2 halazid warlocks (Desolation)
  3 bunyips (Swamp:4)
  3 yellow draconians
  A lorocyproca (D:2)
  2 spark wasps
  5 deep elf annihilators
  4 black draconians
  4 red draconians
  5 purple draconians
  4 white draconians
  11 dire elephants
  9 deep elf death magi
  13 ettins
  8 eidola
  A blizzard demon (Depths:2)
  3 jiangshi (Crypt:1)
  A mummy priest (Crypt:3)
  3 shambling mangroves
  A crystal guardian (Desolation)
  8 ragged hierophants (Desolation)
  7 fire dragons
  11 yaktaur captains
  4 deep elf high priests
  5 entropy weavers
  12 ice dragons
  4 spriggan zombies (Crypt:3)
  3 rakshasas
  5 great orbs of eyes
  2 caustic shrike simulacra (IceCv)
  3 peacekeepers
  3 hell beasts
  10 servants of whispers
  28 hydras
  2 hydras (shapeshifter) (Vaults:5)
  A quicksilver dragon skeleton (Crypt:3)
  26 vault guards
  A fenstrider witch zombie (Crypt:3)
  3 catoblepae
  3 ogre magi
  2 death knights
  6 spriggan air magi
  2 spriggan skeletons
  4 centaur warriors
  A ghost crab (Swamp:2)
  11 ironbound frosthearts
  2 jorogumos
  3 radroaches
  12 alligators
  11 boulder beetles
  5 deep troll shamans
  2 two-headed ogres
  An azure jelly zombie (Crypt:1)
  4 tengu warriors
  7 death yaks
  17 dancing weapons
  3 orc high priests (Orc:2)
  7 deep troll earth magi
  A titan zombie (Crypt:2)
  4 vampire magi
  Sonja (D:11)
  A sun demon (Depths:1)
  7 spriggan berserkers
  A shock serpent (D:15)
  5 soul eaters
  8 deep elf knights
  6 hell knights
  A skeletal warrior (Crypt:1)
  A storm dragon zombie (Crypt:3)
  A bunyip zombie (Crypt:3)
  A fire crab (shapeshifter) (Elf:3)
  6 goliath frogs
  12 iron trolls
  A sixfirhy (Abyss:3)
  41 deep trolls
  A ghost moth zombie (Crypt:2)
  2 storm dragon skeletons
  A flayed ghost (Depths:1)
  2 sun moths
  A salamander mystic (WizLab)
  6 pharaoh ants
  A shadow demon (D:11)
  5 glowing orange brains
  8 spriggan druids
  A tengu zombie (Depths:1)
  2 obsidian statues (IceCv)
  16 orb spiders
  13 swamp dragons
  6 bog bodies
  3 golden dragon skeletons
  10 deep elf archers
  12 wizards
  24 ironbound convokers
  10 lindwurms
  2 spriggan simulacra
  6 steelbarb worms
  6 orc knights
  13 harpies (Vaults:1)
  24 deep elf zephyrmancers
  A stone giant zombie (Crypt:1)
  25 deep elf pyromancers
  5 mana vipers (WizLab)
  18 necromancers
  A jorogumo zombie (Crypt:2)
  33 ugly things
  An eleionoma zombie (Crypt:1)
  A mana viper (shapeshifter) (Vaults:5)
  2 shining eyes (Depths:2)
  A fire giant zombie (Depths:1)
  12 phantasmal warriors
  A wolf spider zombie (D:15)
  A frost giant zombie (Depths:2)
  8 cyclopes
  4 orc sorcerers
  3 will-o-the-wisps
  3 salamanders
  3 manticores
  30 wolf spiders
  2 worldbinders (Abyss:2)
  A centaur zombie (D:15)
  17 slime creatures
  A naga zombie (Crypt:3)
  2 ice statues
  A stone giant skeleton (Crypt:3)
  10 moths of wrath
  5 black mambas
  5 elephants (Lair:5)
  A rust devil (Abyss:2)
  2 naga magi (WizLab)
  8 guardian serpents
  7 cane toads
  4 smoke demons
  An eye of devastation (Spider:1)
  A water nymph (shapeshifter) (Depths:1)
  A titan simulacrum (Crypt:3)
  An alligator snapping turtle zombie (Crypt:3)
  4 centaur skeletons
  3 orange demons (Depths:2)
  An unseen horror (D:11)
  4 torpor snails
  2 rime drakes (Lair:5)
  A gargoyle (D:9)
  A shock serpent skeleton (Crypt:2)
  11 vault sentinels
  19 freezing wraiths
  A pale draconian zombie (Crypt:2)
  A hellion (Depths:3)
  2 kobold demonologists
  27 yaktaurs
  A catoblepas skeleton (Crypt:1)
  9 ice devils
  An anaconda simulacrum (IceCv)
  12 komodo dragons
  3 ancient zymes
  An efreet (Zot:3)
  3 tengu conjurers
  2 red devils
  4 harpy zombies (Crypt:3)
  A hydra zombie (Crypt:3)
  4 golden dragon simulacra (IceCv)
  3 meliai (D:13)
  A meliai (shapeshifter) (D:14)
  A queen bee (shapeshifter) (Spider:1)
  15 hellwings
  A tarantella (shapeshifter) (D:15)
  2 wind drakes (Vaults:2)
  17 hornets
  A queen bee (D:13)
  9 polar bears
  2 trolls
  9 tyrant leeches
  4 raiju
  A hydra skeleton (Crypt:3)
  27 tarantellas
  A stone giant simulacrum (Depths:1)
  A harpy skeleton (Crypt:3)
  11 blink frogs
  An ettin zombie (Crypt:3)
  2 fire giant simulacra
  2 dream sheep
  57 saltlings
  A jumping spider zombie (Crypt:1)
  A slime creature (shapeshifter) (Vaults:4)
  29 jumping spiders
  A jumping spider (shapeshifter) (D:13)
  7 spriggans
  13 culicivoras
  An ettin skeleton (Crypt:3)
  3 shadows
  4 air elementals
  A wind drake zombie (Crypt:1)
  3 wyverns
  5 water elementals
  A culicivora (shapeshifter) (Vaults:5)
  A dire elephant simulacrum (Lair:3)
  25 yaks
  9 wraiths
  A hog (Swamp:4)
  An ushabti (Crypt:3)
  A ynoxinul (Abyss:2)
  20 fire elementals
  A human (Lair:5)
  6 large abominations
  3 basilisks
  A vampire (D:12)
  7 small abominations (Abyss:2)
  4 steam dragons
  A death yak simulacrum (Lair:3)
  45 redbacks
  2 chaos spawn
  5 neqoxecs
  A minotaur simulacrum (IceCv)
  14 vampire mosquitoes
  A harpy simulacrum (D:15)
  6 wargs
  7 acid dragons
  2 hydra simulacra (IceCv)
  14 water moccasins
  A floating eye (Depths:2)
  20 swamp worms
  6 hell hounds (Lair:5)
  2 naga skeletons
  18 orc warriors
  A demonspawn skeleton (Crypt:2)
  A black bear (shapeshifter) (Elf:1)
  3 ice beasts
  A black mamba simulacrum (Crypt:3)
  8 black bears
  2 ettin simulacra (IceCv)
  3 ogres
  8 swamp drakes
  A dream sheep zombie (Crypt:2)
  A hornet zombie (Crypt:2)
  A swamp dragon zombie (Crypt:3)
  7 boggarts
  26 wolves
  11 centaurs
  A phantom (D:5)
  A rime drake skeleton (Crypt:1)
  Blork the orc (D:4)
  12 bullfrogs
  2 kobold brigands (D:9)
  A necrophage (Crypt:1)
  3 gnoll sergeants
  2 earth elementals (Elf:1)
  5 scorpions
  7 wyvern skeletons (Crypt:3)
  2 troll zombies
  A polar bear zombie (Crypt:1)
  A lindwurm simulacrum (IceCv)
  20 killer bees
  5 electric eels
  A howler monkey (D:7)
  A vampire bat (Lair:4)
  A human zombie (Crypt:2)
  2 jellies
  3 hounds
  3 gnoll boudas
  13 orc priests
  A starcursed mass (Abyss:2)
  3 iron imps
  5 iguanas
  A sleepcap (D:6)
  11 orc wizards
  A troll simulacrum (Lair:3)
  3 hell rats (D:11)
  4 ogre zombies (D:9)
  2 mummies (Crypt:3)
  25 gnolls
  3 naga simulacra
  11 adders
  2 river rats (D:11)
  A swamp drake zombie (Crypt:2)
  A shadow imp (D:5)
  9 white imps
  2 ufetubi
  2 worms
  3 dart slugs
  37 orcs
  13 bats
  6 endoplasms
  8 giant cockroaches
  7 goblins
  5 hobgoblins
  7 jackals
  14 kobolds
  4 quokkas
  7 ball pythons
  A dart slug zombie (Crypt:1)
  4 frilled lizards
  A goblin skeleton (D:9)
  2 goblin zombies
  2 hobgoblin skeletons (D:9)
  2 hobgoblin zombies (D:9)
  2 orc skeletons (D:9)
  12 orc zombies (D:9)
  3 rats
2063 creatures vanquished.

Vanquished Creatures (collateral kills)
  A juggernaut (Swamp:4)
  A tentacled monstrosity (Elf:3)
  An eldritch tentacle (Lair:5)
  A tengu reaver (Vaults:2)
  A rockslime (WizLab)
  2 vault wardens
  2 ghost moths
  2 emperor scorpions
  2 cacodemons (Elf:3)
  A broodmother (Spider:4)
  4 very ugly things (Elf:3)
  2 ironbound preservers
  3 reapers (Crypt:3)
  A dire elephant (Vaults:2)
  3 bunyips (Swamp:1)
  A crystal guardian (Abyss:2)
  2 yaktaur captains (Vaults:2)
  A spriggan air mage (Depths:3)
  3 vault guards (Vaults:4)
  A centaur warrior (Vaults:2)
  2 hydras
  2 demonspawn (Orc:2)
  A hell hog (Depths:2)
  2 deep troll earth magi (Depths:2)
  7 demonic crawlers
  2 deep troll shamans (Depths:3)
  A dancing weapon (Elf:2)
  6 death yaks
  A soul eater (Crypt:3)
  3 orc high priests (Orc:2)
  Amaemon (D:10)
  3 pharaoh ants
  A sixfirhy (Abyss:2)
  17 deep trolls
  4 skeletal warriors (D:15)
  2 glowing orange brains (Elf:3)
  2 iron trolls (Depths:3)
  3 slime creatures (Vaults:2)
  2 deep elf archers (Elf:1)
  A wizard (Vaults:4)
  3 ironbound convokers (Vaults:2)
  A lindwurm (Vaults:2)
  3 mana vipers (WizLab)
  3 orc sorcerers (Orc:2)
  An orc knight (Vaults:2)
  A wolf spider (Lair:5)
  6 ugly things
  A deep elf pyromancer (Elf:1)
  A cyclops (D:11)
  An oklob plant (Lair:3)
  2 will-o-the-wisps (Swamp:1)
  3 vault sentinels (Vaults:2)
  A molten gargoyle (Desolation)
  2 orange demons
  A smoke demon (Orc:2)
  A guardian serpent (Abyss:2)
  A rime drake (Lair:5)
  A yaktaur (Vaults:4)
  A freezing wraith (D:11)
  A komodo dragon (Lair:3)
  Maggie (Lair:2)
  A troll (D:11)
  5 polar bears (Lair:5)
  3 tyrant leeches (Swamp:1)
  A raiju (Lair:4)
  A blink frog (Lair:2)
  A raiju (shapeshifter) (Elf:3)
  A jumping spider (Spider:1)
  A culicivora (Spider:3)
  A wraith (D:9)
  12 yaks
  A chaos spawn (Abyss:3)
  A naga (Abyss:2)
  2 swamp worms (Swamp:1)
  3 wargs (Lair:5)
  6 hell hounds (Lair:5)
  A water moccasin (Lair:3)
  2 orc warriors (Orc:2)
  6 black bears (Lair:5)
  8 wolves
  2 centaurs
  2 killer bees (D:8)
  2 orc priests (Orc:2)
  5 orc wizards (Orc:2)
  3 ogre zombies (D:9)
  4 orcs
  A goblin zombie (D:9)
  A hobgoblin skeleton (D:9)
  A hobgoblin zombie (D:9)
  2 orc zombies (D:9)
214 creatures vanquished.

Vanquished Creatures (others)
  3 doom hounds (Depths:2)
  A deep elf blademaster (Elf:3)
  The ghost of petzl the Thaumaturge, an adept FoDe of Vehumet (Elf:3)
  A cacodemon (Elf:3)
  A death yak (Lair:4)
  A bog body (Swamp:1)
  2 orc knights (Orc:2)
  2 ironbound convokers (Vaults:2)
  A deep elf pyromancer (Elf:3)
  A deep elf zephyrmancer (Elf:3)
  A mana viper (shapeshifter) (Elf:3)
  A shining eye (shapeshifter) (Elf:3)
  A cyclops (D:11)
  A salamander (shapeshifter) (Elf:3)
  A komodo dragon (shapeshifter) (Elf:3)
  A komodo dragon (D:11)
  A yaktaur (Vaults:2)
  A troll (shapeshifter) (Elf:3)
  A polar bear (shapeshifter) (Elf:3)
  4 bloated husks
  A vampire (D:11)
  2 yaks (D:11)
  A golden eye (shapeshifter) (Elf:3)
  5 humans (Swamp:4)
  A boggart (Vaults:2)
  A centaur (D:11)
  2 killer bees (D:8)
  An orc priest (D:9)
  6 ball lightnings (Elf:3)
  12 foxfires
  7 starspawn tentacles (Abyss:3)
66 creatures vanquished.

Grand Total: 2343 creatures vanquished

Notes
Turn   | Place    | Note
-------+----------+-------------------------------------------
     0 | D:1      | questionabletactics the Merfolk Artificer began the quest
                  | for the Orb.
     0 | D:1      | Reached XP level 1. HP: 15/15 MP: 1/1
   221 | D:1      | Reached XP level 2. HP: 21/21 MP: 2/2
   973 | D:2      | Reached XP level 3. HP: 25/28 MP: 3/3
   975 | D:2      | Reached skill level 1 in Polearms
  1022 | D:2      | Reached skill level 2 in Polearms
  1522 | D:2      | Reached skill level 3 in Polearms
  1648 | D:2      | Reached XP level 4. HP: 32/34 MP: 4/4
  1990 | D:3      | Reached skill level 4 in Polearms
  2210 | D:3      | Found a glowing golden altar of the Shining One.
  2794 | D:4      | Reached XP level 5. HP: 39/39 MP: 5/5
  2876 | D:4      | Reached skill level 5 in Polearms
  2891 | D:4      | Noticed Blork the orc
  2940 | D:4      | Found a burning altar of Makhleb.
  3254 | D:4      | You fall into a shaft and drop 2 floors!
  3293 | D:6      | Reached skill level 6 in Polearms
  3334 | D:5      | Entered Level 5 of the Dungeon
  3334 | D:5      | Noticed a black bear
  3458 | D:5      | Reached XP level 6. HP: 45/45 MP: 6/6
  3476 | D:5      | Reached skill level 7 in Polearms
  3736 | D:5      | Killed a black bear
  3737 | D:5      | Reached skill level 5 in Dodging
  3737 | D:5      | Reached XP level 7. HP: 43/51 MP: 7/7
  4177 | D:5      | Reached skill level 8 in Polearms
  4294 | D:5      | Found a hazy altar of Hepliaklqana.
  4296 | D:5      | Found a shimmering blue altar of Sif Muna.
  4502 | D:6      | Noticed a +0 dagger
  4503 | D:6      | Noticed a +0 falchion
  4504 | D:6      | Noticed a +0 falchion
  4504 | D:6      | Noticed a +0 short sword
  4504 | D:6      | Noticed a +0 spear
  4504 | D:6      | Noticed a +0 spear
  4505 | D:6      | Noticed a +0 short sword
  4505 | D:6      | Noticed a +0 dagger
  4507 | D:6      | Found a hide-covered altar of Uskayaw.
  4624 | D:6      | Reached skill level 9 in Polearms
  4624 | D:6      | Reached XP level 8. HP: 54/57 MP: 8/8
  4970 | D:5      | Found a sacrificial altar of Ru.
  5105 | D:7      | Found a staircase to the Ecumenical Temple.
  5115 | Temple   | Entered the Ecumenical Temple
  5124 | Temple   | Became a worshipper of Nemelex Xobeh the Trickster
  5187 | D:7      | Found a shimmering altar of Xom.
  5300 | D:7      | Reached skill level 1 in Invocations
  5647 | D:7      | Reached skill level 5 in Fighting
  6190 | D:8      | Reached XP level 9. HP: 69/69 MP: 12/12
  6211 | D:8      | Noticed a two-headed ogre
  6287 | D:8      | Reached * piety under Nemelex Xobeh
  6328 | D:8      | Reached skill level 10 in Polearms
  6332 | D:8      | Reached skill level 5 in Invocations
  6848 | D:8      | Noticed an ice devil
  6848 | D:8      | Noticed an ice devil
  7330 | D:9      | Identified the +9 sling "Vagu" {elec, rElec rN+ Str-2
                  | Int+3}
  7438 | D:9      | Reached skill level 11 in Polearms
  7788 | D:9      | Noticed a gargoyle
  7792 | D:9      | Killed a gargoyle
  7970 | D:9      | Reached skill level 12 in Polearms
  8231 | D:9      | Found a staircase to the Orcish Mines.
  8246 | D:9      | Reached XP level 10. HP: 64/76 MP: 14/14
  8658 | D:9      | Received a gift from Nemelex Xobeh
  8867 | D:10     | Entered Level 10 of the Dungeon
  8980 | D:10     | Noticed Amaemon
  9131 | D:10     | Noticed a kobold demonologist
  9147 | D:10     | Killed a kobold demonologist
  9203 | D:10     | Killed Amaemon
  9204 | D:10     | Reached skill level 10 in Dodging
  9213 | D:10     | Noticed an orange demon
  9216 | D:10     | Killed an orange demon
  9500 | D:10     | Noticed a two-headed ogre
  9519 | D:10     | Killed a two-headed ogre
  9646 | D:10     | Noticed a deep elf pyromancer
  9654 | D:10     | Killed a deep elf pyromancer
  9655 | D:10     | Reached XP level 11. HP: 70/83 MP: 17/17
  9749 | D:10     | Reached ** piety under Nemelex Xobeh
  9995 | D:10     | Reached skill level 5 in Evocations
 10395 | D:11     | Noticed a cyclops
 10535 | D:11     | Noticed a wizard
 10543 | D:11     | Killed a wizard
 10543 | D:11     | Noticed a manticore
 10642 | D:11     | Noticed a four-headed hydra
 10695 | D:11     | Noticed a boulder beetle
 10720 | D:11     | Killed a boulder beetle
 10798 | D:11     | Killed a manticore
 10863 | D:11     | Found a staircase to the Lair.
 10866 | D:11     | Noticed a death yak
 10868 | D:11     | Noticed a death yak
 10873 | D:11     | Noticed a cyclops
 11133 | D:11     | Noticed Sonja
 11136 | D:11     | Killed Sonja
 11343 | D:11     | Killed a cyclops
 11344 | D:11     | Reached skill level 10 in Invocations
 11669 | D:11     | Noticed a death yak
 11693 | D:11     | Killed a death yak
 11848 | D:11     | Noticed a boulder beetle
 11869 | D:11     | Killed a boulder beetle
 12252 | D:11     | Killed a death yak
 12253 | D:11     | Reached XP level 12. HP: 89/96 MP: 19/19
 12259 | D:11     | Killed a death yak
 12410 | D:11     | Identified the +6 rapier "Piluov" {flame, rC+}
 12573 | D:11     | Killed a four-headed hydra
 12574 | D:11     | Reached skill level 10 in Fighting
 12756 | Lair:1   | Entered Level 1 of the Lair of Beasts
 12841 | Lair:1   | Identified a scroll of acquirement
 13206 | Lair:1   | Found an ornate altar of the Wu Jian Council.
 13206 | Lair:1   | Found a hide-covered altar of Uskayaw.
 13206 | Lair:1   | Noticed a boulder beetle
 13220 | Lair:1   | Killed a boulder beetle
 13460 | Lair:1   | Found a broken altar of Ashenzari.
 13998 | Lair:1   | Received a gift from Nemelex Xobeh
 14154 | Lair:2   | Reached *** piety under Nemelex Xobeh
 14754 | Lair:2   | You fall into a shaft and drop 1 floor!
 14754 | Lair:3   | Found a white marble altar of Elyvilon.
 14905 | Lair:3   | Noticed an ice dragon
 14905 | Lair:3   | Noticed a death yak
 14989 | Lair:3   | Found a hole to the Spider Nest.
 15068 | Lair:3   | Noticed a four-headed hydra
 15078 | Lair:3   | Killed a four-headed hydra
 15264 | Lair:3   | Reached skill level 13 in Polearms
 15471 | Lair:3   | Noticed an eight-headed hydra
 15473 | Lair:3   | Killed an eight-headed hydra
 15474 | Lair:3   | Reached XP level 13. HP: 106/106 MP: 22/22
 15524 | Lair:2   | Received a gift from Nemelex Xobeh
 15816 | Lair:2   | Noticed Maggie
 15832 | Lair:2   | Reached skill level 14 in Polearms
 15833 | Lair:2   | Killed Maggie
 15838 | Lair:2   | Found a shadowy altar of Dithmenos.
 16045 | Lair:2   | Reached **** piety under Nemelex Xobeh
 16192 | Lair:2   | Received a gift from Nemelex Xobeh
 16240 | Lair:2   | Found a staircase to the Swamp.
 16359 | Lair:2   | Upgraded the game from 0.31-a0-799-g6bc09d010c to
                  | 0.31-a0-806-g0bc164a743
 16666 | Lair:4   | Reached skill level 1 in Shields
 16917 | Lair:4   | Killed a ghost moth
 17349 | Lair:4   | Reached skill level 5 in Shields
 17536 | Lair:4   | Noticed Bravepunisher's ghost (journeyman SpMo)
 17541 | Lair:4   | Found a transporter.
 17544 | Lair:4   | Found a transporter.
 17878 | Lair:4   | Received a gift from Nemelex Xobeh
 18190 | Lair:5   | Entered Level 5 of the Lair of Beasts
 18509 | Lair:5   | Received a gift from Nemelex Xobeh
 18663 | Lair:5   | Reached XP level 14. HP: 113/113 MP: 23/23
 18693 | Lair:5   | Reached skill level 10 in Shields
 19990 | Lair:5   | Reached ***** piety under Nemelex Xobeh
 19997 | Lair:5   | Found a viscous altar of Jiyva.
 20193 | Lair:5   | Found a runed translucent door.
 20200 | Lair:5   | Noticed Rupert
 20860 | Lair:5   | Identified the +0 long sword of Sunlight {heavy, rPois rF+
                  | Dex+3}
 21584 | Lair:3   | Reached skill level 15 in Dodging
 21590 | Lair:3   | Reached XP level 15. HP: 104/118 MP: 25/25
 21770 | D:12     | Received a gift from Nemelex Xobeh
 21862 | D:12     | Found Agreyrphi's Serpentskin Sales.
 21870 | D:12     | Bought a +2 cloak of poison resistance for 296 gold pieces
 22214 | D:12     | Received a gift from Nemelex Xobeh
 22835 | D:13     | Found Sebue's Magic Scroll Emporium.
 22840 | D:13     | Bought a scroll of teleportation for 39 gold pieces
 22840 | D:13     | Bought a scroll of blinking for 97 gold pieces
 22840 | D:13     | Bought a scroll of teleportation for 39 gold pieces
 22840 | D:13     | Bought a scroll of teleportation for 39 gold pieces
 22840 | D:13     | Bought a scroll of blinking for 97 gold pieces
 22994 | D:13     | Found Tecvilak's Self-Published Books.
 23002 | D:13     | Identified the +1 whip of the Changing Stork {freeze,
                  | rCorr}
 23369 | D:13     | Found a gate to the Vaults.
 23428 | D:13     | Found Bice Emi's Distillery.
 23673 | D:13     | Found Fiythrale's Jewellery Boutique.
 23682 | D:13     | Found Ruak's Distillery.
 23689 | D:13     | Acquired 784 gold pieces
 23706 | D:13     | Bought a potion of curing for 45 gold pieces
 23706 | D:13     | Bought a potion of heal wounds for 75 gold pieces
 23706 | D:13     | Bought a potion of curing for 45 gold pieces
 23804 | D:13     | Found Hemaug's Antique Weapon Emporium.
 23826 | D:13     | Received a gift from Nemelex Xobeh
 24119 | D:13     | Reached skill level 15 in Invocations
 24564 | D:13     | Bought a potion of experience for 750 gold pieces
 24564 | D:13     | Reached XP level 16. HP: 130/130 MP: 27/27
 24646 | D:14     | Found a snail-covered altar of Cheibriados.
 24649 | D:14     | Found Cheibriados's Comfort Zone.
 25405 | Orc:1    | Entered Level 1 of the Orcish Mines
 25413 | Orc:1    | Received a gift from Nemelex Xobeh
 25784 | Orc:2    | Entered Level 2 of the Orcish Mines
 26108 | Orc:2    | Found a staircase to the Elven Halls.
 26305 | Orc:2    | Found Kyzxuss's Distillery.
 26355 | Orc:2    | Received a gift from Nemelex Xobeh
 26404 | Orc:2    | Reached skill level 1 in Necromancy
 26451 | Orc:2    | Paralysed by an orc sorcerer for 3 turns
 27356 | Orc:2    | Found Saoros's General Store.
 27859 | Orc:2    | Bought a potion of heal wounds for 60 gold pieces
 27859 | Orc:2    | Bought a potion of curing for 36 gold pieces
 28039 | Orc:2    | Gained mutation: Your mind is acute. (Int +4, Str/Dex -1)
                  | [a neqoxec]
 28120 | Orc:2    | Reached skill level 5 in Necromancy
 28265 | Orc:2    | Found Pieclodo's Antique Weapon Boutique.
 28265 | Orc:2    | Found Nung's Jewellery Shop.
 28266 | Orc:2    | Found a one-way gate leading to the halls of Pandemonium.
 28367 | Orc:2    | Bought 2 potions of haste for 240 gold pieces
 28515 | D:15     | Entered Level 15 of the Dungeon
 28580 | D:15     | Received a gift from Nemelex Xobeh
 28880 | D:15     | Reached XP level 17. HP: 119/138 MP: 29/29
 29133 | D:15     | Found a staircase to the Depths.
 29389 | D:15     | Noticed Jorgrun
 29401 | D:15     | Jorgrun changed into Jorgrun the quicksilver ooze
 29401 | D:15     | Noticed Jorgrun
 29414 | D:15     | Killed Jorgrun the quicksilver ooze
 29771 | D:15     | Reached ****** piety under Nemelex Xobeh
 29771 | D:15     | Received a gift from Nemelex Xobeh
 30175 | Spider:1 | Entered Level 1 of the Spider Nest
 31771 | Spider:1 | Received a gift from Nemelex Xobeh
 32730 | Spider:1 | Reached skill level 10 in Necromancy
 34698 | Spider:2 | Received a gift from Nemelex Xobeh
 35306 | Spider:2 | Paralysed by a jorogumo for 1 turns
 35654 | Spider:2 | Reached XP level 18. HP: 131/142 MP: 30/30
 35776 | Spider:2 | Received a gift from Nemelex Xobeh
 36707 | Spider:3 | Received a gift from Nemelex Xobeh
 36925 | Spider:4 | Entered Level 4 of the Spider Nest
 36976 | Spider:3 | Gained mutation: You occasionally shout uncontrollably at
                  | your foes. [mutagenic glow]
 40415 | Spider:4 | Identified the +0 hat of Mutualism {Regen+}
 40551 | Spider:4 | Got a gossamer rune of Zot
 40753 | Swamp:1  | Entered Level 1 of the Swamp
 40832 | Swamp:1  | Received a gift from Nemelex Xobeh
 40947 | Swamp:1  | Noticed Roxanne
 41347 | Swamp:1  | Noticed Louise
 41409 | Swamp:1  | Louise changed into Louise the spark wasp
 41409 | Swamp:1  | Noticed Louise
 41417 | Swamp:1  | Killed Louise the spark wasp
 42003 | Elf:1    | Entered Level 1 of the Elven Halls
 42113 | Orc:2    | Paralysed by an air elemental for 1 turns
 42300 | Elf:1    | Received a gift from Nemelex Xobeh
 42496 | Elf:1    | Found a runed translucent door.
 42688 | Elf:1    | Reached XP level 19. HP: 125/153 MP: 31/31
 42967 | Elf:1    | Paralysed by an air elemental for 1 turns
 42972 | Elf:1    | Paralysed by an air elemental for 1 turns
 43047 | Elf:1    | Reached skill level 15 in Fighting
 43343 | Elf:1    | Identified the +0 robe "Esircheu" {rC- Str+7 Dex+3}
 43387 | Abyss:2  | Cast into level 2 of the Abyss (a deep elf sorcerer)
 43449 | Abyss:2  | Received a gift from Nemelex Xobeh
 43488 | Abyss:2  | Found a corrupted altar of Lugonu.
 43608 | Abyss:2  | Found a corrupted altar of Lugonu.
 43655 | Abyss:2  | Found a corrupted altar of Lugonu.
 43780 | Abyss:2  | Received a gift from Nemelex Xobeh
 43908 | Abyss:2  | Found a corrupted altar of Lugonu.
 44147 | Abyss:2  | Received a gift from Nemelex Xobeh
 44160 | Abyss:2  | Reached skill level 5 in Stealth
 44280 | Abyss:2  | Gained mutation: You do not regenerate when monsters are
                  | visible. [a neqoxec]
 44281 | Abyss:2  | Gained mutation: You are weak. (Str -2) [a neqoxec]
 44306 | Abyss:2  | Found a corrupted altar of Lugonu.
 44364 | Abyss:2  | Received a gift from Nemelex Xobeh
 44520 | Abyss:3  | Noticed a Hell Sentinel
 44562 | Abyss:3  | Gained mutation: You are frail. (-10% HP) [a neqoxec]
 44572 | Abyss:3  | Received a gift from Nemelex Xobeh
 44768 | Abyss:3  | Noticed an ancient lich
 44884 | Abyss:3  | Found a corrupted altar of Lugonu.
 44885 | Abyss:3  | Noticed a bone dragon
 44897 | Elf:1    | Escaped the Abyss
 44978 | Elf:1    | Lost mutation: You occasionally shout uncontrollably at
                  | your foes. [potion of mutation]
 44978 | Elf:1    | Lost mutation: You are weak. (Str -2) [potion of mutation]
 44978 | Elf:1    | Lost mutation: Your mind is acute. (Int +4, Str/Dex -1)
                  | [potion of mutation]
 44978 | Elf:1    | Gained mutation: You are partially covered in iridescent
                  | scales. (AC +2) [potion of mutation]
 44978 | Elf:1    | Gained mutation: You expend magic power (3 MP) to
                  | strengthen your wands. [potion of mutation]
 44978 | Elf:1    | Gained mutation: You passively dampen the noise of your
                  | surroundings. [potion of mutation]
 44979 | Elf:1    | Lost mutation: You expend magic power (3 MP) to strengthen
                  | your wands. [potion of mutation]
 44979 | Elf:1    | Lost mutation: You are partially covered in iridescent
                  | scales. (AC +2) [potion of mutation]
 44979 | Elf:1    | Gained mutation: You are vulnerable to heat. (rF-) [potion
                  | of mutation]
 44979 | Elf:1    | Gained mutation: Your flesh is cold resistant. (rC+)
                  | [potion of mutation]
 44979 | Elf:1    | Gained mutation: A frigid envelope surrounds you and
                  | freezes all who hurt you. [potion of mutation]
 44980 | Elf:1    | Lost mutation: A frigid envelope surrounds you and freezes
                  | all who hurt you. [potion of mutation]
 44980 | Elf:1    | Lost mutation: You are frail. (-10% HP) [potion of
                  | mutation]
 44980 | Elf:1    | Gained mutation: You expend magic power (3 MP) to
                  | strengthen your wands. [potion of mutation]
 44980 | Elf:1    | Lost mutation: Your flesh is cold resistant. (rC+) [potion
                  | of mutation]
 44981 | Elf:1    | Lost mutation: You expend magic power (3 MP) to strengthen
                  | your wands. [potion of mutation]
 44981 | Elf:1    | Lost mutation: You do not regenerate when monsters are
                  | visible. [potion of mutation]
 44981 | Elf:1    | Gained mutation: You possess an exceptional clarity of
                  | mind. [potion of mutation]
 44981 | Elf:1    | Gained mutation: You have a pair of small antennae on your
                  | head. [potion of mutation]
 45127 | Elf:1    | Received a gift from Nemelex Xobeh
 45159 | Elf:1    | Got a shiny book
 45803 | Elf:2    | Lost mutation: You possess an exceptional clarity of mind.
                  | [potion of mutation]
 45803 | Elf:2    | Lost mutation: You have a pair of small antennae on your
                  | head. [potion of mutation]
 45803 | Elf:2    | Gained mutation: You do not regenerate when monsters are
                  | visible. [potion of mutation]
 45803 | Elf:2    | Gained mutation: Your body sometimes deteriorates upon
                  | taking damage. [potion of mutation]
 45803 | Elf:2    | Gained mutation: You passively map a small area around you.
                  | [potion of mutation]
 45803 | Elf:2    | Gained mutation: You have a somewhat thin skeletal
                  | structure. (Dex +2, Stealth+) [potion of mutation]
 45822 | Elf:2    | Lost mutation: Your body sometimes deteriorates upon taking
                  | damage. [potion of mutation]
 45822 | Elf:2    | Lost mutation: You are vulnerable to heat. (rF-) [potion of
                  | mutation]
 45822 | Elf:2    | Gained mutation: You are partially covered in large bone
                  | plates. (SH +4) [potion of mutation]
 45822 | Elf:2    | Lost mutation: You do not regenerate when monsters are
                  | visible. [potion of mutation]
 45822 | Elf:2    | Gained mutation: You possess an exceptional clarity of
                  | mind. [potion of mutation]
 45935 | Elf:2    | Received a gift from Nemelex Xobeh
 46091 | Elf:2    | Found a runed translucent gate.
 46091 | Elf:2    | Found a runed translucent gate.
 46133 | Elf:2    | Found a runed translucent gate.
 46871 | D:4      | Killed Blork the orc
 47523 | D:8      | Found the +8 frozen axe "Frostbite" {freeze, freezing
                  | cloud, *Noise Fly rC+}
 48194 | Vaults:1 | Entered Level 1 of the Vaults
 48215 | Vaults:1 | Received a gift from Nemelex Xobeh
 48353 | Vaults:1 | Found a flickering gateway to a bazaar.
 48364 | Bazaar   | Entered a bazaar
 48378 | Bazaar   | Found Dasodem's Armour Emporium.
 48394 | Bazaar   | Found Ewemn's Book Emporium.
 48410 | Bazaar   | Found Waraorru's Jewellery Shoppe.
 48450 | Bazaar   | Bought a book of Decay for 330 gold pieces
 48455 | Bazaar   | Learned a level 4 spell: Dispel Undead
 48471 | Bazaar   | Bought a ring of protection from fire for 375 gold pieces
 48550 | Vaults:1 | Reached skill level 1 in Spellcasting
 49573 | Vaults:1 | Received a gift from Nemelex Xobeh
 49713 | Vaults:1 | Reached XP level 20. HP: 166/166 MP: 32/32
 50109 | Vaults:1 | Reached skill level 5 in Spellcasting
 50412 | Vaults:2 | Identified the +1 pair of gloves of Puwavaf {rPois rF+ rC-
                  | Str+3}
 50412 | Vaults:2 | Noticed Nikola
 50436 | Vaults:2 | Killed Nikola
 50448 | Abyss:3  | Cast into level 3 of the Abyss (a wizard)
 50547 | Vaults:2 | Escaped the Abyss
 50718 | Vaults:2 | Noticed Donald
 50733 | Vaults:2 | Donald changed into Donald the five-headed hydra
 50733 | Vaults:2 | Noticed Donald
 50741 | Vaults:2 | Killed Donald the five-headed hydra
 50818 | Vaults:2 | Found a crumbling gateway.
 50849 | Desolati | Entered the Desolation of Salt
 50991 | Desolati | Received a gift from Nemelex Xobeh
 51173 | Desolati | Identified the staff of Yeast {rPois Int+3 Dex+6 Poison}
 51217 | Desolati | Received a gift from Nemelex Xobeh
 51246 | Desolati | Got a glossy book
 51250 | Desolati | Got a droning book
 52108 | Desolati | Identified the +2 chain mail of Kofro {+Blink Str+2 Int-3}
 52348 | Desolati | Identified the ring of Vymuah {Will+ Str+4}
 52352 | Desolati | Identified the +9 great mace "Vaschuim" {drain, *Rage rPois
                  | rC+ Int+2}
 52355 | Desolati | Identified the +6 trident "Sevidghag" {flame, Int+3 Stlth+}
 52620 | Desolati | Received a gift from Nemelex Xobeh
 52647 | Desolati | Identified the ring "Meedor" {Fly rPois Str+4 Int+3}
 53271 | Desolati | Learned a level 6 spell: Death Channel
 53393 | Desolati | Found the +8 orange crystal plate armour {Archmagi, Int+3
                  | Clar}
 53662 | Desolati | Got a disorganized book
 53676 | Desolati | Got a humming book
 53687 | Desolati | Got a curling book
 53694 | Desolati | Learned a level 5 spell: Borgnjor's Vile Clutch
 54101 | Desolati | Identified the amulet of Qotyhum {RegenMP rPois rF++ Will+
                  | SInv}
 54550 | Vaults:2 | Reached XP level 21. HP: 141/172 MP: 34/34
 54619 | Vaults:2 | Received a gift from Nemelex Xobeh
 55091 | Vaults:2 | Found a staircase to the Crypt.
 55155 | Vaults:2 | Found Ser Wed's Antique Armour Boutique.
 55170 | Vaults:2 | Reached skill level 15 in Necromancy
 55257 | Vaults:2 | Bought a shiny buckler for 262 gold pieces
 55260 | Vaults:2 | Bought an ichor-stained robe for 199 gold pieces
 55260 | Vaults:2 | Identified the +1 robe "Foarchal" {rC+} (You bought it in a
                  | shop on level 2 of the Vaults)
 55511 | Vaults:2 | Received a gift from Nemelex Xobeh
 55663 | Vaults:2 | Identified the ring of Zefek {rPois rC+}
 55669 | Vaults:2 | Got a moldy book
 55787 | Vaults:2 | Reached skill level 10 in Spellcasting
 55964 | Vaults:3 | Found a flickering gateway to a bazaar.
 55980 | Bazaar   | Entered a bazaar
 55983 | Bazaar   | Found Nakk's General Store.
 55987 | Bazaar   | Found Viononake's Distillery.
 55996 | Bazaar   | Found Uranlu Saupn's Magic Scroll Shoppe.
 56016 | Bazaar   | Found Jelyly's Jewellery Shoppe.
 56022 | Bazaar   | Found Pyumin's Book Shoppe.
 56052 | Bazaar   | Bought 3 scrolls of enchant armour for 382 gold pieces
 56052 | Bazaar   | Bought a scroll of teleportation for 51 gold pieces
 56052 | Bazaar   | Bought a scroll of fear for 68 gold pieces
 56058 | Bazaar   | Bought a potion of haste for 100 gold pieces
 56058 | Bazaar   | Bought a potion of curing for 30 gold pieces
 56058 | Bazaar   | Bought a potion of haste for 100 gold pieces
 56058 | Bazaar   | Bought a potion of resistance for 100 gold pieces
 56058 | Bazaar   | Bought a potion of might for 40 gold pieces
 56065 | Bazaar   | Bought a potion of resistance for 140 gold pieces
 56233 | Vaults:3 | Received a gift from Nemelex Xobeh
 56242 | Vaults:3 | Reached skill level 1 in Earth Magic
 57108 | Vaults:3 | Noticed Aizul
 57122 | Vaults:3 | Killed Aizul
 57858 | Vaults:3 | Received a gift from Nemelex Xobeh
 57907 | Crypt:1  | Entered Level 1 of the Crypt
 58250 | Crypt:1  | Received a gift from Nemelex Xobeh
 59017 | Crypt:1  | Reached skill level 5 in Earth Magic
 59231 | Crypt:1  | Received a gift from Nemelex Xobeh
 60482 | Crypt:3  | Entered Level 3 of the Crypt
 60797 | Crypt:3  | Received a gift from Nemelex Xobeh
 61353 | Crypt:3  | Identified the ring "Eniotoix" {Ice Will+ Dex+2}
 61353 | Crypt:3  | Noticed Josephina
 61417 | Crypt:3  | Killed Josephina
 61418 | Crypt:3  | Reached XP level 22. HP: 148/178 MP: 15/36
 61675 | Crypt:3  | Found a staircase to the Tomb.
 62621 | Crypt:3  | Received a gift from Nemelex Xobeh
 62625 | Crypt:3  | Found an ancient bone altar of Kikubaaqudgha.
 63187 | Crypt:3  | Noticed a dread lich
 63187 | Crypt:3  | Noticed an ancient lich
 63626 | Crypt:3  | Killed an ancient lich
 63656 | Crypt:3  | Killed a dread lich
 63674 | Crypt:3  | Identified the +1 leather armour of the Carpenter {+Inv
                  | Dex+2 Slay-2}
 63676 | Crypt:3  | Identified the staff of Integrity {rC+ Conj}
 64677 | Crypt:3  | Identified the ring of the Fabulous Apple {rPois rF+ rN+
                  | Dex-3}
 66332 | Vaults:4 | Received a gift from Nemelex Xobeh
 66340 | Vaults:4 | Found Osizemma's Antique Armour Boutique.
 66343 | Vaults:4 | Bought a spiked buckler for 437 gold pieces
 66343 | Vaults:4 | Identified the +3 buckler of Ornamental Music {rCorr
                  | Stlth+} (You bought it in a shop on level 4 of the Vaults)
 66347 | Vaults:4 | Bought a bronze leather armour for 322 gold pieces
 66347 | Vaults:4 | Identified the +2 leather armour "Faer" {Will- Regen+ Str+4
                  | SInv} (You bought it in a shop on level 4 of the Vaults)
 66839 | Vaults:4 | Reached XP level 23. HP: 151/185 MP: 37/37
 67761 | Orc:2    | Bought a +2 cloak of willpower for 365 gold pieces
 67830 | Elf:3    | Entered Level 3 of the Elven Halls
 67845 | Elf:3    | Paralysed by an air elemental for 1 turns
 68619 | Elf:3    | Found Yssecw's Assorted Antiques.
 68622 | Elf:3    | Received a gift from Nemelex Xobeh
 68632 | Elf:3    | Bought a scroll of teleportation for 114 gold pieces
 69051 | Elf:3    | Found a runed translucent gate.
 69051 | Elf:3    | Found a runed translucent gate.
 69051 | Elf:3    | Found a runed translucent gate.
 70603 | Elf:3    | Identified the +6 bardiche of the Riding Gods {freeze,
                  | rCorr Stlth+}
 71070 | Elf:3    | Identified the staff "Fifiv" {Fragile rF+ Str+6 Fire}
 71281 | Elf:3    | Found the +6 arbalest "Damnation" {damnation}
 71315 | Elf:3    | Got an antique book
 71341 | Elf:3    | Identified the +0 ring mail "Gehuim" {+Blink Int+3 Dex+2}
 71379 | Elf:3    | Identified the staff of the Volcano {*Corrode rPois Will-
                  | Dex+5 Conj}
 71412 | Elf:3    | Identified the +2 scale mail of Gravity {rElec}
 71462 | Elf:3    | Received a gift from Nemelex Xobeh
 71694 | Elf:3    | Found a runed translucent gate.
 71694 | Elf:3    | Found a runed translucent gate.
 71700 | Elf:3    | Found a runed translucent gate.
 71705 | Elf:3    | Noticed petzl's ghost (adept FoDe)
 71719 | Elf:3    | Gained mutation: Your magical capacity is low. (-10% MP) [a
                  | cacodemon]
 71725 | Elf:3    | Killed petzl's ghost
 71753 | Elf:3    | Identified the +2 cloak of the Sparrow {Dex+2}
 72239 | Swamp:2  | Found a frozen archway.
 72257 | IceCv    | Entered an ice cave
 72354 | IceCv    | Gained mutation: Your spells are a little easier to cast,
                  | but a little less powerful. [a neqoxec]
 72358 | IceCv    | Reached skill level 15 in Polearms
 73358 | Swamp:2  | Received a gift from Nemelex Xobeh
 73557 | Swamp:3  | Reached skill level 16 in Polearms
 73915 | Swamp:3  | Received a gift from Nemelex Xobeh
 74653 | Swamp:4  | Entered Level 4 of the Swamp
 74663 | Swamp:4  | Reached skill level 17 in Polearms
 74992 | Swamp:4  | Noticed Bai Suzhen
 74993 | Swamp:4  | Bai Suzhen changed into Bai Suzhen the juggernaut
 74993 | Swamp:4  | Noticed Bai Suzhen
 75006 | Swamp:4  | Killed Bai Suzhen the juggernaut
 75007 | Swamp:4  | Reached XP level 24. HP: 195/195 MP: 33/33
 75085 | Swamp:4  | Noticed Kirke
 75095 | Swamp:4  | Killed Kirke
 75096 | Swamp:4  | Reached skill level 18 in Polearms
 75441 | Swamp:4  | Received a gift from Nemelex Xobeh
 75556 | Swamp:4  | Got a decaying rune of Zot
 75765 | Swamp:4  | Reached skill level 19 in Polearms
 76178 | Depths:1 | Entered Level 1 of the Depths
 77221 | Depths:1 | Got a sooty book
 77227 | Depths:1 | Received a gift from Nemelex Xobeh
 77297 | Depths:1 | Reached skill level 20 in Polearms
 78132 | Depths:1 | Received a gift from Nemelex Xobeh
 78322 | Depths:1 | Reached skill level 21 in Polearms
 78652 | Depths:1 | Found a gateway to Hell.
 78841 | Depths:1 | Identified the +4 demon blade "Nogih" {elec, Str+4}
 79090 | Depths:2 | Found a one-way gateway to a ziggurat.
 79111 | Depths:2 | Paralysed by a floating eye for 4 turns
 79117 | Depths:2 | Gained mutation: You occasionally lose the ability to drink
                  | potions when taking damage. [a shining eye]
 79271 | Depths:2 | Gained mutation: You are vulnerable to cold. (rC-) [a
                  | shining eye]
 79398 | Depths:2 | Lost mutation: You have a somewhat thin skeletal structure.
                  | (Dex +2, Stealth+) [potion of mutation]
 79398 | Depths:2 | Lost mutation: You are partially covered in large bone
                  | plates. (SH +4) [potion of mutation]
 79398 | Depths:2 | Gained mutation: You are partially covered in iridescent
                  | scales. (AC +2) [potion of mutation]
 79398 | Depths:2 | Gained mutation: You are mostly covered in iridescent
                  | scales. (AC +4) [potion of mutation]
 79399 | Depths:2 | Lost mutation: You possess an exceptional clarity of mind.
                  | [potion of mutation]
 79399 | Depths:2 | Lost mutation: You passively map a small area around you.
                  | [potion of mutation]
 79399 | Depths:2 | Lost mutation: You are vulnerable to cold. (rC-) [potion of
                  | mutation]
 79399 | Depths:2 | Gained mutation: Armour fits poorly on your strangely
                  | shaped body. [potion of mutation]
 79399 | Depths:2 | Gained mutation: Your muscles are strong. (Str +4, Int/Dex
                  | -1) [potion of mutation]
 79545 | Depths:2 | Found a glowing golden altar of the Shining One.
 79663 | Depths:2 | Noticed Grunn
 79693 | Depths:2 | Killed Grunn
 79694 | Depths:2 | Reached skill level 22 in Polearms
 79924 | Depths:2 | Received a gift from Nemelex Xobeh
 80680 | Depths:2 | Reached skill level 23 in Polearms
 81466 | Depths:2 | Found a one-way gate to the infinite horrors of the Abyss.
 81980 | Depths:3 | Reached XP level 25. HP: 195/201 MP: 30/33
 82246 | Depths:3 | Received a gift from Nemelex Xobeh
 82396 | Depths:3 | Reached skill level 24 in Polearms
 83059 | Depths:3 | Noticed Frederick
 83072 | Depths:3 | Killed Frederick
 83890 | Depths:4 | Entered Level 4 of the Depths
 83930 | Depths:4 | Received a gift from Nemelex Xobeh
 83930 | Depths:4 | Identified the +9 dire flail of the Jumping Soothsayer
                  | {elec, rC+ Int+3}
 83994 | Depths:4 | Found a magical portal.
 84210 | WizLab   | Entered Yara's Duelist Academy
 84627 | WizLab   | Noticed Noluuc Nyire
 84650 | WizLab   | Noluuc Nyire the Head Instructor changed into Noluuc Nyire
                  | the rockslime
 85262 | Depths:4 | Received a gift from Nemelex Xobeh
 85354 | Depths:4 | Found a gate to the Realm of Zot.
 85590 | Depths:4 | Found Ofecucal's Book Emporium.
 85745 | Depths:4 | Found Fucufoi's Jewellery Shop.
 85746 | Depths:4 | Found Ninesahe's Book Emporium.
 85962 | Depths:4 | Identified the +9 flail of Contention {vamp, rPois rF+ rN+}
 86592 | Vaults:5 | Entered Level 5 of the Vaults
 87640 | Vaults:5 | Identified the +11 falchion "Qurealer" {elec, rF+ Str+2
                  | Int+2 Dex+2}
 87657 | Vaults:5 | Received a gift from Nemelex Xobeh
 88318 | Vaults:5 | Identified the +1 orcbow "Goblinslayer" {heavy, rC++}
 88619 | Vaults:5 | Identified the +3 leather armour of Jusar {rN+ rCorr Slay-6
                  | SInv}
 88652 | Vaults:5 | Acquired the +2 pair of slick slippers {slick, slippery,
                  | EV+4}
 88652 | Vaults:5 | Found the +2 pair of slick slippers {slick, slippery, EV+4}
 88853 | Vaults:5 | Found the brooch of Shielding {Spirit SH+8}
 88870 | Vaults:5 | Got a disorganized book
 89229 | Vaults:5 | Reached skill level 25 in Polearms
 89378 | Vaults:5 | Reached XP level 26. HP: 175/211 MP: 33/33
 89842 | Vaults:5 | Noticed a dread lich
 89852 | Vaults:5 | Killed a dread lich
 90061 | Vaults:5 | Received a gift from Nemelex Xobeh
 90256 | Vaults:5 | Identified the +1 hand axe of Buthrics {elec, +Blink rF-
                  | rN+}
 90261 | Vaults:5 | Got a silver rune of Zot
 90266 | Vaults:5 | Identified the +0 quarterstaff "Fowojof" {holy, Str+3
                  | Int+3}
 90271 | Vaults:5 | Got a fusty book
 90699 | Vaults:5 | Noticed a dread lich
 90710 | Vaults:5 | Killed a dread lich
 90784 | Vaults:5 | Found the macabre finger necklace {Finger+ rN+}
 90828 | Vaults:5 | Noticed a dread lich
 90853 | Vaults:5 | Reached skill level 26 in Polearms
 90854 | Vaults:5 | Killed a dread lich
 91075 | Vaults:5 | Identified the +6 scale mail of Somewhere Else {rPois}
 91192 | Vaults:5 | Identified the staff "Dupnov" {*Corrode rElec rN+++ Ice Air
                  | Earth}
 91715 | D:13     | Bought a potion of invisibility for 120 gold pieces
 91715 | D:13     | Bought a potion of invisibility for 120 gold pieces
 91715 | D:13     | Bought a potion of curing for 45 gold pieces
 91715 | D:13     | Bought a potion of curing for 45 gold pieces
 91715 | D:13     | Bought a potion of cancellation for 120 gold pieces
 91715 | D:13     | Bought a potion of might for 60 gold pieces
 91715 | D:13     | Bought a potion of cancellation for 120 gold pieces
 91752 | D:13     | Bought a potion of mutation for 120 gold pieces
 91752 | D:13     | Bought a potion of haste for 150 gold pieces
 91901 | Orc:2    | Bought a potion of mutation for 96 gold pieces
 91901 | Orc:2    | Bought a potion of mutation for 96 gold pieces
 92254 | Zot:1    | Entered Level 1 of the Realm of Zot
 92530 | Zot:3    | Received a gift from Nemelex Xobeh
 92709 | Zot:3    | Noticed an orb of fire
 92724 | Zot:4    | Received a gift from Nemelex Xobeh
 92907 | Zot:4    | Reached skill level 1 in Armour
 93102 | Zot:5    | Entered Level 5 of the Realm of Zot
 93527 | Zot:5    | Lost mutation: You are mostly covered in iridescent scales.
                  | (AC +4) [potion of mutation]
 93527 | Zot:5    | Lost mutation: Your spells are a little easier to cast, but
                  | a little less powerful. [potion of mutation]
 93527 | Zot:5    | Lost mutation: You occasionally lose the ability to drink
                  | potions when taking damage. [potion of mutation]
 93527 | Zot:5    | Gained mutation: You are dopey. (Int -2) [potion of
                  | mutation]
 93527 | Zot:5    | Gained mutation: You expend magic power (3 MP) to
                  | strengthen your wands. [potion of mutation]
 93568 | Zot:5    | Received a gift from Nemelex Xobeh
 93958 | Zot:5    | Noticed a dread lich
 93958 | Zot:5    | Noticed an orb of fire
 93958 | Zot:5    | Noticed a Killer Klown
 93958 | Zot:5    | Noticed a Killer Klown
 93958 | Zot:5    | Noticed an orb of fire
 93958 | Zot:5    | Noticed a Killer Klown
 94036 | Zot:5    | Killed a dread lich
 94268 | Zot:5    | Killed an orb of fire
 94269 | Zot:5    | Reached XP level 27. HP: 164/233 MP: 33/33
 94442 | Zot:5    | Gained mutation: You occasionally shout uncontrollably at
                  | your foes. [an orb of fire]
 94455 | Zot:5    | Killed an orb of fire
 94704 | Zot:5    | Reached skill level 5 in Armour
 95849 | Zot:5    | Got the Orb of Zot
 95907 | Zot:5    | Noticed Pidiasa the pandemonium lord
 95920 | Zot:5    | Noticed Masmiama the pandemonium lord
 96489 | D:9      | Noticed Nameloi the pandemonium lord
 96804 | D:$      | Escaped with the Orb!

Illustrated notes

Levels and vault maps discovered:
D:1:      minmay_arrival_diagonal_passages, layout_loops_ring
D:2:      layout_basic
D:3:      layout_loops_ring, mainiacjoe_overflow_alcove_4
D:4:      layout_cave_pools, makhleb_blood_cavern_becter,
          minmay_increasing_density, uniq_blork_the_orc
D:5:      layout_loops_ring, nicolae_overflow_hidden_temple,
          kennysheep_small_circle
D:6:      layout_rooms, nicolae_uskayaw_en_pointe
D:7:      layout_gridville, mainiacjoe_overflow_cross_hatched, temple_statues,
          solitary_fountain
D:8:      layout_loops_cross, hangedman_abyss_or_decor_stagger,
          hellmonk_guarded_unrand_frostbite
D:9:      layout_rooms, zombieorc2_lemuel
D:10:     layout_loops_ring, uniq_amaemon
D:11:     hellmonk_crumbling_castle, layout_loops_corners, dpeg_lair_monsters,
          minmay_pinched_square, uniq_sonja
D:12:     layout_long_grid, guppyfry_shop_venom
D:13:     layout_basic, hellmonk_vaults_order_and_chaos, serial_shops, shop,
          shop, shop, shop, shop, special_room [special_room_bee],
          nicolae_custom_books
D:14:     layout_gridville, minmay_shop_chei
D:15:     grunt_enter_depths_magical_seal, layout_stronghold, serial_bayou,
          serial_bayou_pond_d, serial_bayou_lagoon_a, serial_bayou_pond_e,
          serial_bayou_lake_a, uniq_jorgrun
Temple:   hellmonk_temple_two_chambers
Lair:1:   layout_loops_ring, basic_altar, nzn_masters_of_martial_movement
Lair:2:   layout_chaotic_city, nicolae_swamp_entry_splash_gauntlet, basic_altar,
          uniq_maggie
Lair:3:   dreamdust_isle_of_ice, layout_hall_layers, spider_nest_entry_webs,
          minmay_holes, lemuel_oklob_altar, serial_bayou_shore_a
Lair:4:   layout_layer_cave, gammafunk_ghost_arena, roderic_batcave,
          st_stairs_3, chequers_serial_rivers_room_b, ldierk_geyser,
          lemuel_old_faithful, infiniplex_staircase_pool_2
Lair:5:   hangedman_lair_caniforms_friends, layout_long_grid,
          guppyfry_lair_end_dragon, minmay_slime_entry_oklob_enclosed,
          pdpol_lair_cabin_in_the_woods
Swamp:1:  layout_basic_swamp, hangedman_swamp_ruin_wall, hangedman_swamp_grove,
          uniq_roxanne, uniq_louise
Swamp:2:  layout_falls_marsh, portal_ice_cave_entry_ice_statue_one,
          evilmike_swamp_ruin_rubble_2, infiniplex_staircase_pool
Swamp:3:  cheibrodos_swamp_monstrosity, layout_basic_swamp,
          nicolae_swamp_tree_isthmus
Swamp:4:  swamp_alternative, layout_basic_swamp, uniq_kirke, uniq_bai_suzhen
Spider:1: layout_cave_pods, nicolae_spider_orb_run
Spider:2: layout_spider_delve
Spider:3: layout_spider_delve
Spider:4: guppyfry_spider_rune
Orc:1:    layout_caves, basic_altar
Orc:2:    pf_orc_diabolical, layout_caves
Elf:1:    nicolae_elf_arrival_aired_out, layout_loops_corners,
          minmay_elf_sorcery, small_statue_intersection, minivault_13
Elf:2:    nicolae_elf_blades_splatter_lattice [infiniplex_blade_entry_pillars],
          layout_loops_cross
Elf:3:    minmay_elf_hall, layout_rooms, serial_shops, nicolae_shop_tiny_glass,
          ploomutoo_gammafunk_ghost_potion_laboratory, grunt_megastairs_3
Vaults:1: nicolae_vaults_mini_display_case, ontoclasm_vaults_ring_large,
          serial_ice_g, nicolae_vaults_what_the_h, ontoclasm_vaults_ring_small,
          v_pattern_5, hangedman_vaults_capsules, nicolae_vaults_weapon_check,
          ontoclasm_vaults_shuriken, dpeg_vaults_monster_box,
          vaults_room_stairs_pillars, nicolae_vaults_little_squares_6,
          layout_vaults_omnicross, serial_shops, bzr_entry_lakeside
Vaults:2: portal_desolation_entry_nicolae_nacl, v_misc_9,
          vaults_mumra_minichess, nicolae_vaults_closet_pinwheel_4,
          nicolae_vaults_security_offices_3, vaults_dpeg_cross,
          vaults_room_semicircle, v_misc_28, nicolae_vaults_three_branches,
          nicolae_vaults_network_s, minmay_crypt_entry_simple_box,
          layout_vaults_omnibox, serial_shops, shop, uniq_donald, uniq_nikola
Vaults:3: nicolae_vaults_frosty_reception, hangedman_vaults_hat,
          nicolae_vaults_diagonal_hallway_6, grunt_vaults_trifunnel,
          vaults_room_hallway, v_alt_pattern_1,
          nicolae_vaults_storage_closets_1, nicolae_vaults_diamond_1,
          nicolae_vaults_little_squares_4, layout_vaults_quadrants,
          serial_shops, bzr_entry_gold, uniq_aizul
Vaults:4: nicolae_vaults_tetromino_T_2, nicolae_vaults_closet_pinwheel_2,
          hangedman_vaults_cutoff, nicolae_vaults_door_testing_chamber,
          nicolae_vaults_tetromino_Z_2, v_misc_19, st_check,
          nicolae_vaults_diagonal_hallway_9, vaults_mumra_hex,
          hangedman_vaults_snaps, v_rooms_3, nicolae_vaults_two_Ls,
          layout_vaults_ring, serial_shops, nicolae_shop_tiny_real_fake_doors
Vaults:5
Crypt:1:  layout_regular_city, grunt_megastairs_1
Crypt:2:  layout_basic, minivault_24, minmay_strange_pillars
Crypt:3:  evilmike_haunted_forest, uniq_josephina
Depths:1: layout_gridlike, hangedman_decor_riveting, hellmouth_1,
          minmay_misc_feat_rows, chequers_serial_rivers_room_a,
          minmay_the_grid_square_5x5_3x3_mashed
          [minmay_the_grid_square_5x5_corner,
          minmay_the_grid_square_5x5_hollow_slash,
          minmay_the_grid_square_5x5_shrine2,
          minmay_the_grid_square_5x5_spiral_small,
          minmay_the_grid_square_5x5_megaprize_diamond,
          minmay_the_grid_square_5x5_shrine1,
          minmay_the_grid_square_5x5_beaten_path,
          minmay_the_grid_square_5x5_two_walls_b,
          minmay_the_grid_square_5x5_inner_v]
Depths:2: kennysheep_room_grid, layout_basic, enter_ziggurat_c,
          grunt_mini_vestibule, grunt_pan_entry_spiral,
          nicolae_tso_swordbearing_angel, abyss_entry_small_statue_room,
          uniq_grunn
Depths:3: dreamdust_hydra_shepherd, layout_gridlike, hangedman_geh_valley,
          minmay_large_rounded_square, abyss_entry, wad_floor_pattern_untrapped,
          uniq_frederick
Depths:4: evilmike_zot_entry_diamond, layout_cave_shapes, pf_coc_iceberg,
          abyss_entry, infiniplex_enter_wizlab_glasses, glass_columns_a,
          nicolae_concentric_dashed_squares_mild, minmay_shop_grove
Zot:1:    layout_gridlike
Zot:2:    kennysheep_six_static_rooms, layout_cathedral_of_symmetry
Zot:3:    lemuel_firehouse, layout_cathedral_of_symmetry,
          st_small_dragon_hoard_3, guppyfry_library_mini
Zot:4:    lemuel_draconian_sentries_small, layout_basic, st_small_dragon_hoard_2
Zot:5:    layout_misc_corridors

Skill      XL: |  1  2  3  4  5  6  7  8  9 10 11 12 13 14 15 16 17 18 19 20 21 22 23 24 25 26 27 |
---------------+----------------------------------------------------------------------------------+-----
Stealth        | 2 7 |  7.8
Fighting       | 2 5 6 9 11 13 14 16 17 18 22 23 | 23.4
Polearms       | 3 4 6 7 9 12 13 14 17 23 25 26 | 26.4
Dodging        | 5 6 8 10 12 13 15 18 22 | 22.3
Invocations    | 4 6 8 10 12 13 15 16 17 18 19 | 19.7
Evocations     | 4 6 8 |  8.0
Shields        | 9 11 12 | 12.5
Necromancy     | 5 11 12 13 14 16 18 | 18.1
Spellcasting   | 4 9 10 | 10.0
Earth Magic    | 6 8 |  8.0
Armour         | 4 6 |  6.7

Action                     |  1- 3 |  4- 6 |  7- 9 | 10-12 | 13-15 | 16-18 | 19-21 | 22-24 | 25-27 || total
---------------------------+-------+-------+-------+-------+-------+-------+-------+-------+-------++-------
  Melee: Club              |    50 |       |       |       |       |       |       |       |       ||    50
         Dagger            |    28 |       |       |       |       |       |       |       |       ||    28
         Trident           |    46 |   192 |   385 |   604 |  1381 |  2375 |  2915 |  2835 |    79 || 10812
         Punch             |       |       |     4 |     8 |       |       |       |       |       ||    12
         Tailslap          |       |       |       |     2 |    35 |    38 |    13 |    70 |     6 ||   164
         Lochaber axe      |       |       |       |       |       |       |       |       |  1504 ||  1504
   Fire: Sling             |       |       |     2 |       |       |       |       |       |       ||     2
  Throw: Dart              |       |       |    13 |    37 |    18 |     5 |       |     1 |     7 ||    81
   Cast: Dispel Undead     |       |       |       |       |       |       |   188 |   174 |    29 ||   391
         Death Channel     |       |       |       |       |       |       |       |     8 |    10 ||    18
         Borgnjor's Vile C |       |       |       |       |       |       |       |    25 |     9 ||    34
 Invoke: Draw Destruction  |       |       |       |     7 |    24 |    49 |    40 |    48 |     9 ||   177
         Draw Summoning    |       |       |       |     5 |    10 |    24 |    17 |    16 |     5 ||    77
         Stack Five        |       |       |       |       |       |     1 |       |       |       ||     1
         Draw Stack        |       |       |       |       |       |       |     1 |     1 |     1 ||     3
         Triple Draw       |       |       |       |       |       |       |     1 |     2 |       ||     3
         Deal Four         |       |       |       |       |       |       |     1 |       |       ||     1
  Evoke: Wand              |     4 |     4 |    32 |    28 |    39 |    35 |    44 |    16 |    14 ||   216
         Phantom mirror    |       |       |       |     2 |     2 |     1 |     3 |     2 |     2 ||    12
         Phial of floods   |       |       |       |       |       |       |     1 |     1 |       ||     2
    Use: Scroll            |       |     5 |     6 |    12 |     9 |     6 |    14 |     7 |    16 ||    75
         Potion            |       |       |     1 |       |     3 |    10 |    21 |    10 |    17 ||    62
   Stab: Sleeping          |     6 |     6 |     6 |     7 |     4 |    16 |    50 |    39 |    20 ||   154
         Distracted        |       |     1 |     2 |     8 |     4 |    13 |    14 |    24 |    17 ||    83
         Invisible         |       |       |     2 |       |     3 |     1 |     2 |     3 |     1 ||    12
         Petrified         |       |       |       |       |     2 |     1 |       |       |     1 ||     4
         Petrifying        |       |       |       |       |     4 |       |       |       |     2 ||     6
         Confused          |       |       |       |       |       |       |       |     2 |       ||     2
 Armour: Leather armour    |    77 |    92 |   124 |   152 |   219 |    30 |       |       |       ||   694
         Robe              |       |       |       |       |       |    88 |    83 |       |       ||   171
         Ring mail         |       |       |       |       |       |   487 |   386 |   638 |   545 ||  2056
  Dodge: Dodged            |    72 |   110 |   186 |   339 |   808 |  1163 |  1257 |  1722 |  1514 ||  7171
  Block: Kite shield       |       |       |       |       |   920 |  1726 |  2064 |  1948 |    68 ||  6726
         Reflection        |       |       |       |       |    14 |    23 |    39 |       |       ||    76

Table legend: (Time is in decaauts)
 A = Elapsed time spent in this place.
 B = Non-inter-level travel time spent in this place.
 C = Inter-level travel time spent in this place.
 D = Time resting spent in this place.
 E = Time spent auto-exploring this place.
 F = Levels seen in this place.
 G = Mean time per level.
                   A        B        C        D        E       F      G
               +--------+--------+--------+--------+--------+-----+--------+
         Total |  92805 |  86818 |   5987 |  29897 |  28880 |  59 | 1573.0 |
       Dungeon |  20559 |  17903 |   2656 |   3816 |   9035 |  15 | 1370.6 |
        Temple |     18 |     18 |      0 |      0 |      0 |   1 |   18.0 |
          Lair |   9459 |   8488 |    971 |   2581 |   3398 |   5 | 1891.8 |
         Swamp |   3668 |   3553 |    115 |    753 |   1661 |   4 |  917.0 |
   Spider Nest |  10141 |   9825 |    316 |   5333 |   2059 |   4 | 2535.2 |
  Orcish Mines |   3065 |   2737 |    328 |    618 |   1095 |   2 | 1532.5 |
   Elven Halls |   6650 |   6432 |    218 |   2872 |   1777 |   3 | 2216.7 |
        Vaults |  13268 |  12451 |    817 |   4262 |   4179 |   5 | 2653.6 |
         Crypt |   6927 |   6738 |    189 |   2544 |   2223 |   3 | 2309.0 |
        Depths |   9182 |   8810 |    372 |   3664 |   2912 |   4 | 2295.5 |
           Zot |   3565 |   3565 |      0 |   1813 |      0 |   5 |  713.0 |
         Abyss |   1468 |   1468 |      0 |     89 |      0 |   3 |  489.3 |
        Bazaar |    220 |    220 |      0 |      0 |    101 |   2 |  110.0 |
      Ice Cave |    675 |    675 |      0 |    208 |    108 |   1 |  675.0 |
        Wizlab |    820 |    820 |      0 |    297 |     92 |   1 |  820.0 |
    Desolation |   3115 |   3115 |      0 |   1040 |    236 |   1 | 3115.0 |
               +--------+--------+--------+--------+--------+-----+--------+

Top non-repeatable levels by time:
 Crypt:3: 4307 daAuts
Spider:1: 3930 daAuts
Vaults:5: 3798 daAuts
   Elf:3: 3523 daAuts
Vaults:4: 3189 daAuts
Depths:1: 3183 daAuts
  Lair:5: 3139 daAuts
Desolation: 3115 daAuts
    D:11: 2656 daAuts
   Zot:5: 2641 daAuts
Depths:2: 2535 daAuts
Spider:4: 2523 daAuts
   Orc:2: 2507 daAuts
Vaults:1: 2261 daAuts
Vaults:3: 2134 daAuts
